 Dungeon Sprint DCSS version 0.16-a0-3325-g64f94fb (webtiles) character file.

37429 BluebellGnoll the Shatterer (level 13, -7/165 HPs)
             Began as an Ogre Wanderer on Dec 27, 2014.
             Was a High Priest of Okawaru.
             Mangled by a merfolk
             ... wielding a +0 trident
              (18 damage)
             ... in the Dungeon (Sprint IX: "|||||||||||||||||||||||||||||").
             The game lasted 00:34:18 (4463 turns).

BluebellGnoll the Shatterer (Ogre Wanderer)         Turns: 4463, Time: 00:34:18

Health: -7/165     AC:  8    Str: 20    XL:     13   Next: 96%
Magic:  13/13      EV: 15    Int: 17    God:    Okawaru [*****.]
Gold:   69         SH: 10    Dex:  7    Spells: 0 memorised, 12 levels left

rFire  . . .     SeeInvis .     S - +0 mace (crush)
rCold  . . .     Clarity  .     y - +0 robe {MR+}
rNeg   . . .     SustAb   .     I - +2 shield {rPois}
rPois  +         Gourm    .     a - +1 hat {MR+}
rElec  .         Spirit   .     T - +1 cloak {+Inv}
rCorr  .         Warding  .     (gloves unavailable)
rMut   .         NoTele   +     (boots unavailable)
MR     +++..                    (no amulet)
Stlth  +.........               q - +2 ring of protection
                                b - +2 ring of evasion

@: extremely resistant to hostile enchantments, very unstealthy
A: unfitting armour, tough skin 1
a: Heroism, Finesse, Renounce Religion, Evoke Invisibility


You were in the Dungeon.
You worshipped Okawaru.
Okawaru was extremely pleased with you.
You were not hungry.

You visited 1 branch You collected 1913 gold pieces.
You spent 1844 gold pieces at shops.

Inventory:

Hand weapons
 z - the +5 battleaxe of Jugudyof {chop, rPois rC++}
   (Okawaru gifted it to you in the Dungeon)

   It inflicts extra damage upon your enemies.
   It greatly protects you from cold.
   It protects you from poison.
 S - a +0 mace of crushing (weapon)
Missiles
 e - 102 arrows
 f - 3 tomahawks of dispersal (quivered)
 r - 3 tomahawks of returning
 A - 6 poisoned arrows
 F - 8 tomahawks
Armour
 a - a +1 hat of magic resistance (worn)
 y - a +0 robe of magic resistance (worn)
 I - a +2 shield of poison resistance (worn)
 T - a +1 cloak of invisibility (worn)
Jewellery
 b - a +2 ring of evasion (left hand)
 p - an uncursed ring of ice
 q - a +2 ring of protection (right hand)
 Q - an uncursed ring of protection from fire
 R - an uncursed ring of see invisible
Magical devices
 o - a wand of fire (0)
Scrolls
 l - 3 scrolls of blinking
 m - 6 scrolls of remove curse
 n - 2 scrolls of amnesia
 v - 4 scrolls of identify
 w - 3 scrolls of recharging
 x - a scroll of fear
 N - 2 scrolls of fog
 O - a scroll of magic mapping
 V - 2 scrolls of enchant armour
 W - 2 scrolls of enchant weapon
Potions
 c - a potion of lignification
 g - 6 potions of curing
 h - 5 potions of heal wounds
 i - 2 potions of invisibility
 j - 5 potions of magic
 k - a potion of berserk rage
 s - 5 potions of agility
 t - 2 potions of might
 u - 2 potions of resistance
 E - a potion of flight {unknown}
 K - 2 potions of brilliance
 L - 2 potions of restore abilities
 U - a potion of haste
Comestibles
 d - 6 poisonous chunks of flesh
 B - 43 fruits
 C - 12 bread rations
 D - 12 meat rations


   Skills:
 * Level 19.9 Fighting
 - Level 21.0 Maces & Flails
   Level 1.3 Bows
 - Level 12.7 Throwing
 - Level 2.4 Armour
 + Level 18.9 Dodging
 - Level 3.7 Shields


You had 12 spell levels left.
You didn't know any spells.

Dungeon Overview and Level Annotations

Branches:
Dungeon (1/1)

Altars:
Cheibriados
Dithmenos
Elyvilon
Fedhas
Gozag
Kikubaaqudgha
Makhleb
Nemelex Xobeh
Okawaru
Qazlal
Ru
Sif Muna
Trog
Vehumet
Xom
Yredelemnul
Zin
The Shining One
Beogh
Jiyva
Lugonu

Shops:
D ([


Innate Abilities, Weirdness & Mutations

You are too large for most types of armour.
You have tough skin (AC +1).


Message History

You thump the merfolk!
The merfolk is heavily wounded.
The merfolk hits you but does no damage.
You sock the merfolk!
The merfolk is severely wounded.
You feel like a meek peon again.
You miss the merfolk.
The merfolk is severely wounded.
The merfolk hits you with a trident.
* * * LOW HITPOINT WARNING * * *
You closely miss the merfolk.
The merfolk is severely wounded.
The merfolk hits you with a trident.
* * * LOW HITPOINT WARNING * * *
You hit the merfolk.
The merfolk is severely wounded.
You hit the merfolk but do no damage.
The merfolk is severely wounded.
The merfolk hits you with a trident!!
You die...

'..)...).....)')..........[')[.).
▓▓▓▓▓▓▓▓▓▓▓▓▓▓▓▓▓▓▓▓▓▓▓▓▓▓▓▓▓▓▓▓▓
.)...............................
▓▓▓▓▓▓▓▓▓▓▓▓▓▓▓▓▓▓▓▓▓▓▓▓▓▓▓▓▓▓▓▓▓
..))).)))).[[[[.[[[........!.').)
▓▓▓▓▓▓▓▓▓▓▓▓▓▓▓▓▓▓▓▓▓▓▓▓▓▓▓▓▓▓▓▓▓
.................................
▓▓▓▓▓▓▓▓▓▓▓▓▓▓▓▓▓▓▓▓▓▓♣♣♣♣♣♣♣♣♣♣▓
..÷).)..)...'(†)@mHS.(+
▓▓▓▓▓▓▓▓▓▓▓▓▓▓▓▓▓▓▓▓▓▓♣


You could see a sea snake, a merfolk and a manticore.

Vanquished Creatures
  Gastronok (D)
  A dire elephant (D)
  An anaconda (D)
  3 hydras (D)
  Erica (D)
  A centaur warrior (D)
  3 death yaks (D)
  7 orc high priests (D)
  A sea snake (D)
  Erolcha (D)
  A naga ritualist (D)
  2 orc knights (D)
  2 ugly things (D)
  A manticore (D)
  8 elephants (D)
  A sixfirhy (D)
  2 black mambas (D)
  A gargoyle (D)
  A naga mage (D)
  2 freezing wraiths (D)
  A komodo dragon (shapeshifter) (D)
  A yaktaur (D)
  2 komodo dragons (D)
  A tengu conjurer (D)
  2 merfolk (D)
  2 two-headed ogres (D)
  2 snapping turtles (D)
  A wraith (D)
  A yak (D)
  2 nagas (D)
  2 hippogriffs (D)
  5 water moccasins (D)
  3 porcupines (D)
  12 orc warriors (D)
  An eye of draining (shapeshifter) (D)
  An ogre (D)
  2 centaurs (D)
  A phantom (D)
  2 crocodiles (D)
  A giant frog (D)
  A crimson imp (D)
  A hound (D)
  10 orc priests (D)
  An iguana (D)
  An orc wizard (D)
  2 adders (D)
  3 giant geckos (D)
  8 orcs (D)
  A giant cockroach (D)
  3 bats (D)
  A giant newt (D)
  A kobold (D)
119 creatures vanquished.

Notes
Turn   | Place    | Note
--------------------------------------------------------------
     0 | D        | BluebellGnoll, the Ogre Wanderer, began the quest for the Orb.
     0 | D        | BluebellGnoll set off with: a +2 shortbow, a +0 mace, a potion of lignification, a +0 robe, 21 arrows, a meat ration, a potion of curing, a potion of heal wounds, a potion of haste, 2 potions of magic, a potion of berserk rage, a scroll of blinking
     0 | D        | Reached XP level 1. HP: 22/22 MP: 1/1
     9 | D        | Reached skill level 3 in Maces & Flails
    13 | D        | Reached skill level 4 in Maces & Flails
   250 | D        | Noticed a phantom
   260 | D        | Killed a phantom
   260 | D        | Reached skill level 10 in Maces & Flails
   260 | D        | Reached XP level 2. HP: 23/29 MP: 2/2
   260 | D        | Reached XP level 3. HP: 28/36 MP: 3/3
   260 | D        | Reached XP level 4. HP: 34/44 MP: 4/4
   266 | D        | Reached skill level 11 in Maces & Flails
   301 | D        | Found a glowing silver altar of Zin.
   301 | D        | Found a glowing golden altar of the Shining One.
   301 | D        | Found an ancient bone altar of Kikubaaqudgha.
   301 | D        | Found a basalt altar of Yredelemnul.
   301 | D        | Found a shimmering altar of Xom.
   301 | D        | Found a radiant altar of Vehumet.
   301 | D        | Found an iron altar of Okawaru.
   302 | D        | Found a burning altar of Makhleb.
   303 | D        | Found a deep blue altar of Sif Muna.
   304 | D        | Found a bloodstained altar of Trog.
   305 | D        | Found a sparkling altar of Nemelex Xobeh.
   306 | D        | Found a white marble altar of Elyvilon.
   307 | D        | Found a roughly hewn altar of Beogh.
   308 | D        | Found a viscous altar of Jiyva.
   309 | D        | Found a corrupted altar of Lugonu.
   310 | D        | Became a worshipper of Warmaster Okawaru
   311 | D        | Found a blossoming altar of Fedhas.
   312 | D        | Found a snail-covered altar of Cheibriados.
   313 | D        | Found a shadowy altar of Dithmenos.
   314 | D        | Found a stormy altar of Qazlal.
   315 | D        | Found an opulent altar of Gozag.
   316 | D        | Found a sacrificial altar of Ru.
   351 | D        | Noticed an iguana
   351 | D        | Noticed a centaur
   351 | D        | Noticed an orc warrior
   351 | D        | Noticed an ogre
   357 | D        | Killed an iguana
   357 | D        | Reached XP level 5. HP: 44/55 MP: 5/5
   362 | D        | Killed a centaur
   362 | D        | Killed an orc warrior
   362 | D        | Acquired Okawaru's first power
   362 | D        | Reached XP level 6. HP: 50/75 MP: 6/6
   362 | D        | Killed an ogre
   362 | D        | Reached skill level 10 in Fighting
   474 | D        | Noticed a gargoyle
   474 | D        | Noticed a crimson imp
   474 | D        | Noticed a komodo dragon
   474 | D        | Noticed a two-headed ogre
   474 | D        | Noticed a yak
   474 | D        | Noticed a tengu conjurer
   477 | D        | Killed a two-headed ogre
   477 | D        | Reached skill level 13 in Maces & Flails
   477 | D        | Reached XP level 7. HP: 73/87 MP: 7/7
   478 | D        | Killed a gargoyle
   478 | D        | Reached skill level 15 in Maces & Flails
   478 | D        | Reached XP level 8. HP: 60/94 MP: 8/8
   479 | D        | Killed a tengu conjurer
   479 | D        | Reached skill level 16 in Maces & Flails
   484 | D        | Killed a crimson imp
   485 | D        | Killed a komodo dragon
   485 | D        | Reached skill level 18 in Maces & Flails
   488 | D        | Killed a yak
   628 | D        | Noticed a crocodile
   628 | D        | Noticed a komodo dragon
   628 | D        | Noticed a crocodile
   628 | D        | Noticed a water moccasin
   628 | D        | Noticed a hound
   628 | D        | Noticed a porcupine
   628 | D        | Noticed a komodo dragon
   629 | D        | Noticed a hippogriff
   634 | D        | Killed a crocodile
   636 | D        | Killed a komodo dragon
   636 | D        | Received a gift from Okawaru
   636 | D        | Reached XP level 9. HP: 101/105 MP: 6/9
   641 | D        | Killed a crocodile
   643 | D        | Noticed a water moccasin
   646 | D        | Killed a water moccasin
   652 | D        | Killed a hound
   654 | D        | Killed a porcupine
   661 | D        | Killed a komodo dragon
   667 | D        | Killed a hippogriff
   667 | D        | Reached skill level 10 in Dodging
   673 | D        | Killed a water moccasin
   929 | D        | Noticed a porcupine
   929 | D        | Noticed a porcupine
   929 | D        | Noticed a water moccasin
   929 | D        | Noticed an elephant
   929 | D        | Noticed a death yak
   929 | D        | Noticed an eight-headed hydra
   929 | D        | Noticed a six-headed hydra
   932 | D        | Killed a porcupine
   937 | D        | Killed a porcupine
   938 | D        | Noticed a hippogriff
   941 | D        | Killed a water moccasin
   948 | D        | Killed an elephant
   948 | D        | Reached XP level 10. HP: 82/120 MP: 8/10
   951 | D        | Killed a death yak
   951 | D        | Reached skill level 5 in Throwing
   953 | D        | Killed an eight-headed hydra
   953 | D        | Acquired Okawaru's second power
   953 | D        | Reached skill level 15 in Fighting
   955 | D        | Killed a six-headed hydra
   955 | D        | Received a gift from Okawaru
   963 | D        | Killed a hippogriff
  1187 | D        | Noticed an elephant
  1187 | D        | Noticed an elephant
  1187 | D        | Noticed an elephant
  1187 | D        | Noticed an elephant
  1187 | D        | Noticed an elephant
  1187 | D        | Noticed an elephant
  1187 | D        | Noticed a dire elephant
  1194 | D        | Killed an elephant
  1201 | D        | Killed an elephant
  1201 | D        | Received a gift from Okawaru
  1201 | D        | Reached skill level 19 in Maces & Flails
  1615 | D        | Killed an elephant
  1703 | D        | Killed a dire elephant
  1703 | D        | Reached XP level 11. HP: 135/135 MP: 4/11
  1731 | D        | Killed an elephant
  1732 | D        | Noticed an elephant
  1744 | D        | Killed an elephant
  1744 | D        | Received a gift from Okawaru
  1745 | D        | Got a sapphire battleaxe {god gift}
  1748 | D        | Identified the +5 battleaxe of Jugudyof {chop, rPois rC++} (Okawaru gifted it to you in the Dungeon)
  1787 | D        | Killed an elephant
  1807 | D        | Killed an elephant
  1934 | D        | Noticed Erica
  1946 | D        | Killed Erica
  1990 | D        | Noticed an orc priest
  1990 | D        | Noticed an orc high priest
  1990 | D        | Noticed an orc warrior
  2012 | D        | Killed an orc priest
  2084 | D        | Killed an orc high priest
  2087 | D        | Killed an orc warrior
  2093 | D        | Noticed an orc warrior
  2104 | D        | Killed an orc warrior
  2141 | D        | Noticed an orc warrior
  2155 | D        | Killed an orc warrior
  2158 | D        | Reached skill level 15 in Dodging
  2161 | D        | Noticed an orc wizard
  2180 | D        | Killed an orc wizard
  2417 | D        | Noticed an orc high priest
  2417 | D        | Noticed an orc knight
  2417 | D        | Noticed an orc warrior
  2417 | D        | Noticed an orc warrior
  2417 | D        | Noticed an orc warrior
  2417 | D        | Noticed an orc warrior
  2417 | D        | Noticed an orc priest
  2421 | D        | Noticed an orc knight
  2427 | D        | Killed an orc high priest
  2427 | D        | Reached skill level 10 in Throwing
  2869 | D        | Killed an orc warrior
  2870 | D        | Killed an orc warrior
  2871 | D        | Killed an orc warrior
  2901 | D        | Killed an orc knight
  2901 | D        | Reached skill level 20 in Maces & Flails
  3116 | D        | Noticed an orc warrior
  3117 | D        | Noticed an orc warrior
  3122 | D        | Killed an orc warrior
  3169 | D        | Killed an orc warrior
  3180 | D        | Killed an orc priest
  3265 | D        | Noticed an orc warrior
  3271 | D        | Killed an orc warrior
  3296 | D        | Killed an orc warrior
  3316 | D        | Noticed an orc warrior
  3327 | D        | Killed an orc knight
  3327 | D        | Received a gift from Okawaru
  3337 | D        | Killed an orc warrior
  3503 | D        | Found Thrauschea's Weapon Emporium.
  3503 | D        | Noticed an orc priest
  3503 | D        | Noticed an orc high priest
  3503 | D        | Noticed an orc priest
  3503 | D        | Noticed an orc high priest
  3503 | D        | Noticed an orc high priest
  3503 | D        | Noticed an orc priest
  3504 | D        | Killed an orc priest
  3505 | D        | Killed an orc priest
  3508 | D        | Killed an orc high priest
  3508 | D        | Received a gift from Okawaru
  3508 | D        | Reached XP level 12. HP: 144/144 MP: 4/12
  3509 | D        | Noticed an orc priest
  3510 | D        | Killed an orc priest
  3511 | D        | Killed an orc high priest
  3512 | D        | Killed an orc priest
  3513 | D        | Killed an orc high priest
  3514 | D        | Noticed an orc high priest
  3523 | D        | Killed an orc high priest
  3524 | D        | Found Rusueff's Antique Armour Shoppe.
  3534 | D        | Found Caotolodgh's Magic Scroll Emporium.
  3539 | D        | Found Ruemetar's Distillery.
  3541 | D        | Noticed an orc priest
  3543 | D        | Killed an orc priest
  3544 | D        | Noticed an orc priest
  3545 | D        | Noticed an orc high priest
  3546 | D        | Killed an orc priest
  3551 | D        | Killed an orc high priest
  3551 | D        | Received a gift from Okawaru
  3551 | D        | Reached skill level 21 in Maces & Flails
  3554 | D        | Noticed an orc priest
  3557 | D        | Killed an orc priest
  3563 | D        | Noticed an orc priest
  3564 | D        | Killed an orc priest
  3588 | D        | Bought a potion of resistance for 130 gold pieces
  3588 | D        | Bought a potion of brilliance for 52 gold pieces
  3588 | D        | Bought a potion of curing for 39 gold pieces
  3588 | D        | Bought a potion of restore abilities for 65 gold pieces
  3588 | D        | Bought a potion of might for 52 gold pieces
  3588 | D        | Bought a potion of heal wounds for 65 gold pieces
  3588 | D        | Bought 2 potions of poison for 26 gold pieces
  3588 | D        | Bought a potion of agility for 52 gold pieces
  3588 | D        | Bought a potion of invisibility for 104 gold pieces
  3588 | D        | Bought a potion of heal wounds for 65 gold pieces
  3590 | D        | Bought a scroll of recharging for 95 gold pieces
  3590 | D        | Bought a scroll of identify for 20 gold pieces
  3590 | D        | Bought a scroll of fog for 20 gold pieces
  3590 | D        | Bought a scroll of identify for 20 gold pieces
  3590 | D        | Bought a scroll of recharging for 95 gold pieces
  3590 | D        | Bought a scroll of remove curse for 30 gold pieces
  3590 | D        | Bought a scroll of magic mapping for 35 gold pieces
  3590 | D        | Bought a scroll of random uselessness for 10 gold pieces
  3590 | D        | Bought a scroll of recharging for 95 gold pieces
  3590 | D        | Bought a scroll of identify for 20 gold pieces
  3600 | D        | Bought a potion of magic for 104 gold pieces
  3600 | D        | Bought a potion of experience for 650 gold pieces
  3600 | D        | Reached XP level 13. HP: 152/152 MP: 13/13
  3645 | D        | Noticed Gastronok
  3664 | D        | Killed Gastronok
  3712 | D        | Noticed Erolcha
  3717 | D        | Killed Erolcha
  3821 | D        | Noticed a centaur warrior
  3821 | D        | Noticed a giant frog
  3821 | D        | Noticed a five-headed hydra
  3821 | D        | Noticed a freezing wraith
  3821 | D        | Noticed a centaur
  3821 | D        | Noticed a freezing wraith
  3821 | D        | Noticed a wraith
  3822 | D        | Noticed a two-headed ogre
  3823 | D        | Killed a giant frog
  3824 | D        | Killed a centaur warrior
  3825 | D        | Killed a centaur
  3827 | D        | Killed a five-headed hydra
  3834 | D        | Noticed a death yak
  3842 | D        | Killed a freezing wraith
  3846 | D        | Killed a two-headed ogre
  3847 | D        | Killed a wraith
  3848 | D        | Killed a freezing wraith
  3851 | D        | Killed a death yak
  3960 | D        | Noticed a cyan ugly thing
  3961 | D        | Noticed a death yak
  3964 | D        | Noticed a lich
  3967 | D        | Noticed a yaktaur
  3969 | D        | Noticed a purple ugly thing
  3971 | D        | Killed a cyan ugly thing
  3975 | D        | Killed a yaktaur
  3979 | D        | Killed a purple ugly thing
  3980 | D        | Killed a death yak
  4275 | D        | Noticed a water moccasin
  4275 | D        | Noticed a black mamba
  4275 | D        | Noticed a black mamba
  4275 | D        | Noticed a water moccasin
  4275 | D        | Noticed a naga ritualist
  4275 | D        | Noticed a naga
  4275 | D        | Noticed an anaconda
  4278 | D        | Killed a black mamba
  4284 | D        | Killed a black mamba
  4292 | D        | Killed a water moccasin
  4297 | D        | Killed a water moccasin
  4298 | D        | Noticed a naga
  4303 | D        | Noticed a naga mage
  4303 | D        | Killed a naga ritualist
  4309 | D        | Killed a naga
  4311 | D        | Killed an anaconda
  4312 | D        | Killed a naga
  4314 | D        | Killed a naga mage
  4336 | D        | Noticed a manticore
  4336 | D        | Noticed a snapping turtle
  4336 | D        | Noticed a sea snake
  4336 | D        | Noticed a snapping turtle
  4336 | D        | Noticed a merfolk
  4336 | D        | Noticed a merfolk
  4336 | D        | Noticed a merfolk
  4339 | D        | Killed a manticore
  4340 | D        | Noticed a manticore
  4343 | D        | Noticed a sea snake
  4353 | D        | Killed a snapping turtle
  4364 | D        | Killed a sea snake
  4439 | D        | Killed a snapping turtle
  4444 | D        | Killed a merfolk
  4454 | D        | Killed a merfolk
  4463 | D        | Mangled by a merfolk

Action                   |  1- 3 |  4- 6 |  7- 9 | 10-12 | 13-15 || total
-------------------------+-------+-------+-------+-------+-------++-------
Melee: Dire flail        |       |     8 |    65 |   112 |       ||   185
       Mace              |       |       |       |       |   170 ||   170
 Fire: Shortbow          |    20 |     7 |       |    75 |       ||   102
Throw: Large rock        |       |       |       |    19 |    12 ||    31
       Tomahawk          |       |       |       |    50 |    25 ||    75
       Javelin           |       |       |       |     2 |     4 ||     6
Invok: Heroism           |       |       |     2 |     7 |     6 ||    15
       Finesse           |       |       |       |     4 |     2 ||     6
Evoke: Wand              |       |     4 |     4 |     7 |    12 ||    27
  Use: Potion            |     1 |       |       |     1 |     2 ||     4
       Scroll            |       |       |     1 |       |     2 ||     3
  Eat: Chunk             |       |       |       |     5 |     2 ||     7
       Meat ration       |       |       |       |     1 |       ||     1
       Fruit             |       |       |       |       |     1 ||     1
